[Event "*** Titled Tuesday Blitz"]
[Site "Chess.com"]
[Date "2020.12.29"]
[Round "1"]
[White "Alexandercs432"]
[Black "erdni1993"]
[Result "0-1"]
[WhiteElo "2205"]
[BlackElo "2537"]
[TimeControl "180+1"]
[EndTime "10:07:00 PST"]
[Termination "erdni1993 won on time"]

1. e4 c5 2. Nf3 e6 3. d4 cxd4 4. Nxd4 Nc6 5. Nc3 Qc7 6. Be3 a6 7. Be2 b5 8. O-O Bb7 9. a3 Nf6 10. Nxc6 Qxc6 11. Bd3 h5 12. f3 Bc5 13. Qe2 h4 14.
Rae1 Nh5 15. Bxc5 Qxc5+ 16. Qe3 Qxe3+ 17. Rxe3 Nf4 18. h3 Rc8 19. Rf2 e5 20. Nd5 Bxd5 21. exd5 d6 22. Bf5 Rc5 23. Be4 g6 24. b4 Rc7 25. Rd2 f5 26. Bd3 Ke7 27. Re1 Rhc8 28. Ra1 Rb8 29. a4 Nxd5 30. Bxf5 gxf5 31. Rxd5 Rxc2 32.
axb5 Rxb5 33. Rxb5 axb5 34. Ra7+ Ke6 35. Rb7 Kd5 36.
Rxb5+ Kc4 37. Rb6 Rd2 38. b5 d5 39. Rb8 Rb2 40. b6 d4 41. b7 Kd3 0-1

[Event "*** Titled Tuesday Blitz"]
[Site "Chess.com"]
[Date "2020.12.29"]
[Round "1"]
[White "norwaytoadog"]
[Black "capatl"]
[Result "1-0"]
[WhiteElo "2204"]
[BlackElo "2512"]
[TimeControl "180+1"]
[EndTime "10:07:00 PST"]
[Termination "norwaytoadog won by resignation"]

1. e4 c5 2. Nf3 e6 3. d4 cxd4 4.
Nxd4 a6 5. c4 Nf6 6. Nc3 d6 7.
Be2 Nbd7 8. O-O b6 9. f4 Bb7 10.
Bf3 Qc7 11. Qe2 Rc8 12. b3 b5 13. Bb2 bxc4 14. Rac1 Nc5 15. e5 Nfd7 16. Bxb7 Qxb7 17.
bxc4 dxe5 18. fxe5 Nxe5 19. Nd5 Ncd3 20. Rb1 exd5 21.
Nf3 Nxb2 22. Qxe5+ Qe7 23. Qxb2 Qc5+ 24. Kh1 f6 25.
Qb7 Qc6 26. Rbe1+ Kd8 27. Qf7 Bd6 28. cxd5 Qd7 29. Qh5 g6 30. Qh4 Rf8 31. Nd4 Be5 32. Ne6+ Ke7 33. Rxe5 Rf7 34. Ree1 Kd6 35. Qf4+ 1-0

[Event "*** Titled Tuesday Blitz"]
[Site "Chess.com"]
[Date "2020.12.29"]
[Round "1"]
[White "GMJustin"]
[Black "maximnovik"]
[Result "0-1"]
[WhiteElo "2316"]
[BlackElo "2614"]
[TimeControl "180+1"]
[EndTime "10:07:01 PST"]
[Termination "maximnovik won on time"]

1. e4 c6 2. Ne2 d5 3. e5 c5 4. d4 Nc6 5. c3 h5 6. Nd2 h4 7.
h3 Bf5 8. Nf3 e6 9. Bg5 Qb6 10.
Qb3 Be7 11. dxc5 Qxb3 12. axb3 Bxg5 13. Nxg5 Nxe5 14. Nd4 Bg6 15. Nb5 Ke7 16. Rxa7 Rxa7 17. Nxa7 Nf6 18. Nb5 Ra8 19. Na3 Nfd7 20. b4 f6 21. Nf3 Nxf3+ 22. gxf3 Ne5 23. f4 Be4 24. f3 Nxf3+ 25. Kf2 Nd4 26. Bg2 Bxg2 27. Kxg2 Nf5 28. Kf2 e5 29. fxe5 fxe5 30. Re1 Kf6 31. b5 g5 32. c4 d4 33. b6 Ne3 0-1

[Event "*** Titled Tuesday Blitz"]
[Site "Chess.com"]
[Date "2020.12.29"]
[Round "1"]
[White "Lady_Nika"]
[Black "FelixJoseYnojosa"]
[Result "0-1"]
[WhiteElo "2275"]
[BlackElo "2576"]
[TimeControl "180+1"]
[EndTime "10:07:03 PST"]
[Termination "FelixJoseYnojosa won by checkmate"]

1. d4 Nf6 2. e3 e6 3. f4 d5 4. Nf3 c5 5. c3 Nc6 6. Bd3 Bd6 7. O-O O-O 8. Nbd2 Ne7 9. Ne5 Ng6 10. Qe2 Rb8 11. b3 Qc7 12. Bb2 a6 13. Rf3 b5 14.
Rh3 c4 15. Bc2 a5 16. g4 Bxe5 17. fxe5 Nxe5 18. dxe5 Qxe5 19. Nf3 Qc7 20. g5 Ne4 21. Bxe4 dxe4 22. Nd2 Qe5 23. Qh5 Qf5 24. Rf1 Qg6 25. Qxg6 hxg6 26. Nxe4 Bb7 27. Nc5 Bc6 28. bxc4 bxc4 29.
Ba3 Rfd8 30. Rh4 Rd2 31. Rg4 Rxa2 32. Bc1 Rb5 33. Ne4 Bxe4 34. Rxe4 Rxg5+ 35. Kh1 Rh5 36. h4 g5 37. Rxc4 Rxh4+ 38. Rxh4 gxh4 39. Rg1 Rc2 40. e4 Rxc3 41. Kh2 f6 42. Bh6 Rg3 43. Bf4 Rxg1 44. Kxg1 Kf7 45. Kg2 g5 46. Bd6 f5 47. exf5 exf5 48.
Kh3 Kg6 49. Kh2 a4 50. Kg2 f4 51. Kh3 Kf5 52. Kg2 g4 53. Kg1 g3 54. Kg2 Kg4 55. Kh1 h3 56. Bc5 f3 57. Kg1 f2+ 58. Bxf2 gxf2+ 59.
Kh2 a3 60. Kh1 f1=Q+ 61. Kh2 Qg2# 0-1

[Event "*** Titled Tuesday Blitz"]
[Site "Chess.com"]
[Date "2020.12.29"]
[Round "1"]
[White "Snegokhod"]
[Black "exoticprincess"]
[Result "0-1"]
[WhiteElo "2455"]
[BlackElo "2897"]
[TimeControl "180+1"]
[EndTime "10:07:04 PST"]
[Termination "exoticprincess won by resignation"]

1. d4 Nf6 2. c4 c5 3. Nf3 e6 4. d5 exd5 5. cxd5 g6 6. Nc3 Bg7 7. e4 O-O 8. Bd3 d6 9. O-O Bg4 10. Bf4 Re8 11. h3 Bxf3 12. Qxf3 a6 13. Rfe1 Nh5 14. Bh2 Nd7 15. Bxd6 Ne5 16. Bxe5 Bxe5 17.
g3 b5 18. Rad1 c4 19. Bf1 Rc8 20. Qg4 Nf6 21. Qe2 Bxc3 22. bxc3 Nxe4 23. Qc2 Nd6 24.
Bg2 Qf6 25. Qd2 Kg7 26. h4 h5 27. Rxe8 Rxe8 28. a3 Qe5 29. Kf1 Re7 30. Bf3 Nf5 31. Kg2 Qd6 32. Ra1 Qf6 33. Rd1 Nd6 34. Qb2 a5 35. Qd2 Qe5 36. Rb1 Ne4 37. Qc2 Nxc3 38.
Rb2 Nxd5 39. Qc1 Nf6 40. Re2 Qc5 41. Rd2 c3 42. Rc2 b4 43. axb4 axb4 44. Qb1 Rd7 45. Qb3 Rd2 46. Rxd2 cxd2 47. Qd3 Qc3 48. Qd8 b3 49.
Qb6 b2 50. Qb5 Qxf3+ 51. Kxf3 d1=Q+ 52. Kg2 b1=Q 0-1

[Event "*** Titled Tuesday Blitz"]
[Site "Chess.com"]
[Date "2020.12.29"]
[Round "1"]
[White "peixe64"]
[Black "GMHess"]
[Result "0-1"]
[WhiteElo "2443"]
[BlackElo "2865"]
[TimeControl "180+1"]
[EndTime "10:07:04 PST"]
[Termination "GMHess won by resignation"]

1. e4 g6 2. d4 Bg7 3. Nf3 d6 4. Bd3 a6 5. O-O Nd7 6. c3 b6 7.
Be3 e6 8. a4 Bb7 9. Nbd2 Ne7 10. Re1 h6 11. b4 O-O 12. Nb3 Nf6 13. Qc2 g5 14. c4 d5 15. exd5 exd5 16. c5 Ne4 17.
Rac1 Nc6 18. b5 Nb4 19. Qb1 Nxd3 20. Qxd3 axb5 21. axb5 Ra3 22. c6 Bc8 23. Ra1 Qd6 24.
Rxa3 Qxa3 25. Ra1 Qb4 26. Ne1 Nd6 27. Nc2 Qxb5 28. Qxb5 Nxb5 29. Nb4 Be6 30. Na6 Ra8 31. g3 Kf8 32. Kg2 Ke7 33. f4 Kd6 34.
Nb4 Rxa1 35. Nxa1 Bxd4 36. Bd2 Bxa1 0-1

[Event "*** Titled Tuesday Blitz"]
[Site "Chess.com"]
[Date "2020.12.29"]
[Round "1"]
[White "horripile"]
[Black "AsaHoffmann"]
[Result "1-0"]
[WhiteElo "2677"]
[BlackElo "2351"]
[TimeControl "180+1"]
[EndTime "10:07:05 PST"]
[Termination "horripile won by checkmate"]

1. e4 d6 2. d4 c6 3. Nc3 a6 4. g3 Nf6 5. Bg2 Nbd7 6. Nge2 e5 7. O-O b5 8. h3 Be7 9. g4 Bb7 10. Ng3 Qc7 11. Be3 Nb6 12. b3 g6 13. a4 b4 14.
Nce2 a5 15. f4 Nfd7 16. f5 Ba6 17. Rf2 f6 18. Kh2 O-O-O 19. c4 bxc3 20. Nxc3 exd4 21. Qxd4 Nc5 22. Rb1 Kb7 23. b4 axb4 24. Rxb4 Ka8 25. Rfb2 Rb8 26. Nb5 cxb5 27. axb5 Ka7 28. bxa6 Nbd7 29. Rb7+ Rxb7 30. Rxb7+ Qxb7 31. axb7 Kxb7 32. e5+ Kc7 33. e6 Ne5 34. Qb4 Rb8 35. Qa5+ Kc8 36.
Bxc5 dxc5 37. Ne4 Rb7 38. Nxc5 Bxc5 39. Qxc5+ Rc7 40. Qf8# 1-0

[Event "*** Titled Tuesday Blitz"]
[Site "Chess.com"]
[Date "2020.12.29"]
[Round "1"]
[White "Bodnar_Mykola"]
[Black "annamaja"]
[Result "0-1"]
[WhiteElo "2555"]
[BlackElo "2292"]
[TimeControl "180+1"]
[EndTime "10:07:05 PST"]
[Termination "annamaja won by checkmate"]

1. d4 d5 2. c4 c6 3. Nf3 Nf6 4. Nc3 e6 5. Qd3 Be7 6. g3 O-O 7. Bg2 Nbd7 8. O-O b6 9. e4 dxe4 10. Nxe4 Nxe4 11. Qxe4 Bb7 12. Ne5 Nf6 13. Qf4 Qc8 14.
Be3 c5 15. Bxb7 Qxb7 16. dxc5 Bxc5 17. Bxc5 bxc5 18. b3 Rad8 19. Rad1 Qa6 20. Rd2 Qa5 21. Rfd1 Rxd2 22. Rxd2 Qc3 23. Nc6 h6 24. Rd7 Qa1+ 25.
Kg2 Nxd7 26. Qd6 Nf6 27. Ne7+ Kh7 28. Qd3+ g6 29. Qd6 Re8 30. Nc6 Qe1 31. Qc7 Qe4+ 32. Kg1 Rf8 33. Ne5 Kg7 34. Qxc5 h5 35. h4 Ng4 36.
Nd7 Rd8 37. Qc7 Qe1+ 38. Kg2 Qxf2+ 39. Kh3 Qh2# 0-1

[Event "*** Titled Tuesday Blitz"]
[Site "Chess.com"]
[Date "2020.12.29"]
[Round "1"]
[White "mat_kolosowski"]
[Black "ajkom197"]
[Result "0-1"]
[WhiteElo "2708"]
[BlackElo "2403"]
[TimeControl "180+1"]
[EndTime "10:07:06 PST"]
[Termination "ajkom197 won by resignation"]

1. e4 c6 2. d4 d5 3. e5 Bf5 4. h4 h5 5. Bd3 Bxd3 6. Qxd3 Qa5+ 7. Nd2 e6 8. Nf3 c5 9. O-O c4 10. Qe2 Nc6 11. Re1 Nh6 12. Nf1 Nf5 13. c3 Be7 14. g3 b5 15. Ne3 Nxe3 16. Bxe3 b4 17. Bd2 g6 18. a3 bxa3 19. bxa3 Rb8 20. Reb1 Kd7 21.
Qe3 Rxb1+ 22. Rxb1 Rb8 23. Rxb8 Nxb8 24. Qf4 Ke8 25. Qh6 Qxa3 26. Qh8+ Bf8 27. Bh6 Nd7 28. Ng5 a5 29. Nh7 a4 30. Kg2 Qe7 31. Bg5 Qa3 32.
Bh6 Qe7 33. Bg5 Qa3 34. Kh2 Qxc3 35. Nf6+ Nxf6 36. Qxf6 Qa5 37. Qh8 a3 38. Bh6 Qb4 39. Qf6 Bxh6 0-1

[Event "*** Titled Tuesday Blitz"]
[Site "Chess.com"]
[Date "2020.12.29"]
[Round "1"]
[White "EdmundPlayer"]
[Black "IMDT02"]
[Result "0-1"]
[WhiteElo "2207"]
[BlackElo "2538"]
[TimeControl "180+1"]
[EndTime "10:07:06 PST"]
[Termination "IMDT02 won on time"]

1. e4 c5 2. Nf3 Nc6 3. Bb5 Nf6 4. e5 Nd5 5. O-O Nc7 6. Bxc6 dxc6 7. Qe2 g6 8. h3 Bg7 9. Nc3 O-O 10. d3 Ne6 11. Bd2 Nd4 12. Nxd4 cxd4 13. Nd1 Be6 14. f4 c5 15. Nf2 c4 16. Ne4 Rc8 17. b3 cxd3 18.
cxd3 Qb6 19. Rfc1 Bd5 20. Rxc8 Rxc8 21. Rc1 Rxc1+ 22. Bxc1 Qc6 23. Bb2 Bh6 24. g3 Qe6 25. Kh2 b6 26. Bxd4 Bc6 27. Nc3 Qf5 28. Be3 Bd7 29.
g4 Bxf4+ 30. Kg2 Qg5 31. Bxf4 Qxf4 32. Qf3 Qxe5 33. Qa8+ Kg7 34. Ne4 Qc7 0-1

[Event "*** Titled Tuesday Blitz"]
[Site "Chess.com"]
[Date "2020.12.29"]
[Round "1"]
[White "vrekhson"]
[Black "MatyChess1"]
[Result "0-1"]
[WhiteElo "2197"]
[BlackElo "2529"]
[TimeControl "180+1"]
[EndTime "10:07:07 PST"]
[Termination "MatyChess1 won on time"]

1. e4 c5 2. Nf3 g6 3. c3 Nc6 4.
Bb5 Bg7 5. O-O Nf6 6. Re1 O-O 7. d4 cxd4 8. cxd4 d5 9. e5 Ne4 10. Nc3 Bf5 11. Bd3 Rc8 12. a3 Qd7 13. Nxe4 dxe4 14. Bxe4 Rfd8 15. Bxf5 Qxf5 16. Qb3 b6 17. Be3 Na5 18.
Qb5 Rc2 19. b4 Nc4 20. a4 Rc8 21. Qa6 Nxe3 22. fxe3 Bh6 23. Qf1 Qe4 24. a5 b5 25.
h3 a6 26. Rad1 Rb2 27. d5 Rcc2 28. d6 exd6 29. exd6 Bxe3+ 30. Kh1 Rf2 31. Qd3 Qxf3 0-1

[Event "*** Titled Tuesday Blitz"]
[Site "Chess.com"]
[Date "2020.12.29"]
[Round "1"]
[White "BigAl"]
[Black "GigaQuparadze"]
[Result "0-1"]
[WhiteElo "2452"]
[BlackElo "2888"]
[TimeControl "180+1"]
[EndTime "10:07:08 PST"]
[Termination "GigaQuparadze won by resignation"]

1. e4 c5 2. Nc3 e6 3. Nf3 a6 4. g3 b5 5. Bg2 Bb7 6. d3 d6 7. O-O Be7 8. Re1 Nf6 9. a4 b4 10. Nb1 O-O 11. e5 dxe5 12. Nxe5 Bxg2 13. Kxg2 Ra7 14. Nd2 Nfd7 15. Nec4 Nc6 16. a5 Qa8 17. Kg1 Nd4 18. c3 Nb5 19. Qc2 Rd8 20. Ne4 Nf6 21. Be3 bxc3 22. bxc3 Qd5 23. Nb6 Qxd3 24. Qxd3 Rxd3 25. Nxc5 Rxe3 26. Rxe3 Bxc5 27. Rd3 g6 28. c4 Nd4 29. Na4 Nc2 30. Rc1 Nb4 31. Rd8+ Bf8 32. Rb1 Nc6 33. Rc8 Ne7 34. Rd8 h6 35. Rbb8 Nh7 36. Nc5 Nc6 37. Ra8 Nxd8 38. Rxa7 Bxc5 39. Rxa6 Kf8 40. Ra8 Ke7 41. a6 Nc6 42.
Rc8 Kd7 43. Rh8 Nf8 44. Rxh6 Nb8 45. g4 Nxa6 46. h4 Nb4 47. h5 Nd3 48. Rh8 Ke7 49.
h6 Bxf2+ 50. Kg2 Bd4 51. Rg8 Nh7 52. Kf3 Ng5+ 53. Ke2 Ne5 54. Rb8 Nxg4 55. Kd3 Be5 56.
Rb7+ Kf6 57. c5 Nxh6 58. c6 Nf5 59. Rb1 Ne7 60. Rf1+ Kg7 61. Rc1 Bc7 0-1

[Event "*** Titled Tuesday Blitz"]
[Site "Chess.com"]
[Date "2020.12.29"]
[Round "1"]
[White "ZiggyStardust64"]
[Black "Deepweb2020"]
[Result "1-0"]
[WhiteElo "2688"]
[BlackElo "2359"]
[TimeControl "180+1"]
[EndTime "10:07:08 PST"]
[Termination "ZiggyStardust64 won on time"]

1. e4 e5 2. Nf3 Nc6 3. Bb5 a6 4. Ba4 Nf6 5. O-O b5 6. Bb3 Bc5 7. Re1 d6 8. c3 O-O 9. d4 Bb6 10. Bg5 Bg4 11. d5 Ne7 12. Nbd2 Ng6 13. h3 Ne7 14. hxg4 Nxg4 15. Bh4 Qd7 16. Nf1 Ng6 17. Bg3 f5 18. exf5 Qxf5 19. Bc2 Qh5 20. Bxg6 Qxg6 21. Qb1 Qh5 22. N1h2 Nxh2 23. Bxh2 Rxf3 24. gxf3 Rf8 25.
f4 Rf6 26. Bg3 Qf3 27. Qe4 Qxg3+ 28. Qg2 Bxf2+ 29. Kf1 1-0

[Event "*** Titled Tuesday Blitz"]
[Site "Chess.com"]
[Date "2020.12.29"]
[Round "1"]
[White "Walter_White_Poland"]
[Black "Ermito2020"]
[Result "0-1"]
[WhiteElo "2321"]
[BlackElo "2628"]
[TimeControl "180+1"]
[EndTime "10:07:09 PST"]
[Termination "Ermito2020 won by resignation"]

1. e4 c6 2. d4 d5 3. Nc3 dxe4 4. Nxe4 Bf5 5. Ng3 Bg6 6. h4 h6 7.
Nf3 Nd7 8. h5 Bh7 9. Bd3 Bxd3 10. Qxd3 e6 11. Bd2 Ngf6 12. O-O-O Be7 13. Ne4 Nxe4 14.
Qxe4 Nf6 15. Qd3 Qd5 16. Kb1 Qe4 17. Qxe4 Nxe4 18. Be1 Rd8 19. Ne5 Bf6 20. Nf3 c5 21. c3 cxd4 22. cxd4 Rd5 23. Kc2 Kd7 24. Kd3 Nc5+ 25.
Ke2 Na4 26. b3 Nb6 27. Ne5+ Bxe5 28. dxe5 Rc8 29. Rxd5+ Nxd5 30. Bd2 Rc2 31. Ra1 b5 32. Kd3 Rc6 33. Rc1 Nb4+ 34. Ke4 Rxc1 35. Bxc1 Nxa2 36.
Bd2 b4 37. Kd4 Kc6 38. Kc4 a5 39. g4 Nc3 40. f4 Ne4 41. Be3 Ng3 42. g5 Nxh5 43.
gxh6 gxh6 44. f5 exf5 45. Bxh6 f4 46. Kd4 f3 47. Ke3 a4 48. bxa4 b3 49. Kxf3 b2 0-1

[Event "*** Titled Tuesday Blitz"]
[Site "Chess.com"]
[Date "2020.12.29"]
[Round "1"]
[White "maxip32"]
[Black "MoreChessJulia"]
[Result "1-0"]
[WhiteElo "2503"]
[BlackElo "2095"]
[TimeControl "180+1"]
[EndTime "10:07:10 PST"]
[Termination "maxip32 won by resignation"]

1. e4 g6 2. d4 Bg7 3. Nc3 c5 4. Nf3 cxd4 5. Nxd4 Nc6 6. Nde2 d6 7. g3 Bg4 8. Qd2 Bf3 9. Rg1 Nf6 10. Qe3 Bxe2 11. Bxe2 a6 12. Bd2 O-O 13. O-O-O b5 14. Nd5 Ne5 15. f4 Nxd5 16. exd5 Nc4 17. Bxc4 bxc4 18. Bc3 Bxc3 19. Qxc3 Qc7 20. Rge1 Rfc8 21. Re4 Rab8 22. Rdd4 Qb7 23. h4 Rc5 24. Rxc4 Qxd5 25. Rxc5 Qxe4 26. Rc8+ Rxc8 27. Qxc8+ Kg7 28. Qc3+ f6 29. b4 e5 30. Qc7+ Kh6 31. Qxd6 Qe1+ 32. Kb2 Qxg3 33. fxe5 fxe5 34. a4 Qxh4 35. Kb3 Qh3+ 36. c3 Qe3 37. b5 axb5 38. axb5 e4 39. b6 Qe1 40. Kc4 e3 41. b7 Qb1 42. Qf8+ Kh5 43.
b8=Q 1-0

[Event "*** Titled Tuesday Blitz"]
[Site "Chess.com"]
[Date "2020.12.29"]
[Round "1"]
[White "emperor87"]
[Black "NMShanMeruga"]
[Result "0-1"]
[WhiteElo "2710"]
[BlackElo "2404"]
[TimeControl "180+1"]
[EndTime "10:07:11 PST"]
[Termination "NMShanMeruga won on time"]

1. e4 e5 2. Nf3 Nc6 3. Bb5 Nf6 4. d3 Bc5 5. O-O Nd4 6. Nxd4 Bxd4 7. c3 Bb6 8. d4 O-O 9. Bg5 d6 10. Na3 a6 11.
Ba4 h6 12. Bxf6 Qxf6 13. Nc2 Qg6 14. Qd3 Be6 15. Bb3 Bxb3 16. axb3 Kh8 17. Rad1 Rae8 18. f3 f5 19. exf5 Qxf5 20. Qxf5 Rxf5 21. Rfe1 Rff8 22. Kh1 exd4 23. cxd4 c6 24. Kg1 d5 25. Kf2 Kg8 26.
h4 Kf7 27. h5 g6 28. hxg6+ Kxg6 29. Rxe8 Rxe8 30. b4 h5 31. Rh1 Bc7 32. Re1 Rxe1 33. Nxe1 Bd6 34. Nd3 Kg5 35. Nc5 b6 36. Nxa6 Kh4 37.
Kf1 Kg3 38. Kg1 h4 39. Kf1 h3 40. gxh3 Kxf3 41. Ke1 Ke3 42. h4 Kxd4 43. Kd2 Kc4 44. h5 Kb5 45. h6 Be5 0-1

[Event "*** Titled Tuesday Blitz"]
[Site "Chess.com"]
[Date "2020.12.29"]
[Round "1"]
[White "m_ezat"]
[Black "BabyBoss31"]
[Result "1-0"]
[WhiteElo "2538"]
[BlackElo "2207"]
[TimeControl "180+1"]
[EndTime "10:07:12 PST"]
[Termination "m_ezat won by resignation"]

1. d4 d5 2. c4 Nc6 3. cxd5 Qxd5 4. e3 e5 5. Nc3 Bb4 6. Bd2 Bxc3 7. Bxc3 exd4 8. Ne2 Nf6 9. Nxd4 O-O 10. Nb5 Qg5 11.
h4 Qh6 12. Nxc7 Bg4 13. Qb3 Rad8 14. Qxb7 Ne4 15. Bb5 Bd7 16. Nd5 Nd6 17. Qa6 Nb8 18.
Qa5 Bxb5 19. Ne7+ Kh8 20. Qa3 Nc6 21. Nd5 a6 22. Rd1 Nc4 23. Qc5 N4e5 24. b3 Nd3+ 25.
Rxd3 Bxd3 26. a4 Be4 27. Nf4 Nb8 28. Rh3 Bg6 29. h5 Bf5 30. Rg3 f6 31. Qxf5 Nc6 32.
Rh3 Kg8 33. Qe6+ Kh8 34. Ng6+ hxg6 35. hxg6 Rc8 36. Rxh6+ gxh6 37. Bxf6+ 1-0

[Event "*** Titled Tuesday Blitz"]
[Site "Chess.com"]
[Date "2020.12.29"]
[Round "1"]
[White "andrewtnb"]
[Black "ENajer77"]
[Result "1-0"]
[WhiteElo "2370"]
[BlackElo "2638"]
[TimeControl "180+1"]
[EndTime "10:07:14 PST"]
[Termination "andrewtnb won on time"]

1. d4 Nf6 2. Nf3 g6 3. c4 Bg7 4. Nc3 O-O 5. e4 d6 6. Be2 e5 7. O-O Nc6 8. d5 Ne7 9. Nh4 Ne8 10. g3 c5 11. Be3 Bh3 12. Re1 Qd7 13. a4 f5 14.
exf5 Nxf5 15. Nxf5 gxf5 16. f4 e4 17. a5 Nf6 18.
Qd2 Ng4 19. Bxg4 Bxg4 20. a6 b6 21. Nb5 Rf6 22. b4 Rg6 23. bxc5 dxc5 24. d6 Kh8 25. Qd5 Rb8 26. Ra2 h5 27. h4 Bf3 28. Kh2 Bf6 29.
Rg1 Rbg8 30. Bf2 R8g7 31. Rd2 Kh7 32. Nc7 Bxh4 33. gxh4 Rg2+ 34. Rxg2 Rxg2+ 35. Kh3 Qg7 36. Qxf5+ Kh6 37. Qg5+ 1-0

[Event "*** Titled Tuesday Blitz"]
[Site "Chess.com"]
[Date "2020.12.29"]
[Round "1"]
[White "SCIM"]
[Black "Beca95"]
[Result "0-1"]
[WhiteElo "2438"]
[BlackElo "2839"]
[TimeControl "180+1"]
[EndTime "10:07:15 PST"]
[Termination "Beca95 won by resignation"]

1. d4 Nf6 2. c4 c5 3. d5 e6 4. Nc3 exd5 5. cxd5 d6 6. Nf3 g6 7. Nd2 Bg7 8. e4 O-O 9. Be2 Re8 10. O-O Nbd7 11. a4 a6 12. f3 Ne5 13.
Nc4 Nxc4 14. Bxc4 Nh5 15. Be3 f5 16. Qd2 Bd7 17. Rae1 Rb8 18. Bg5 Bf6 19. Bxf6 Qxf6 20. exf5 gxf5 21. Kh1 b5 22. axb5 axb5 23. Rxe8+ Bxe8 24. Be2 Qh4 25. Kg1 Qd4+ 26. Qxd4 cxd4 27. Nd1 Nf4 28. Re1 Bf7 29. g3 Nxd5 30. Bd3 f4 31. Nf2 Ne3 32. Ne4 Bc4 33. Bb1 d5 34. Nf6+ Kg7 35.
Nh5+ Kh6 36. Nxf4 Ra8 37. Nd3 Ra1 38. Ne5 d3 39. Kf2 d2 40. Rxe3 d1=Q 0-1

[Event "*** Titled Tuesday Blitz"]
[Site "Chess.com"]
[Date "2020.12.29"]
[Round "1"]
[White "GM4life"]
[Black "LiamVrolijk"]
[Result "0-1"]
[WhiteElo "2420"]
[BlackElo "2813"]
[TimeControl "180+1"]
[EndTime "10:07:15 PST"]
[Termination "LiamVrolijk won by resignation"]

1. e4 g6 2. d4 Bg7 3. Nc3 d6 4. f4 Nf6 5. Nf3 Na6 6. Bd3 c5 7. d5 O-O 8. O-O Bg4 9. a3 Nc7 10. h3 Bxf3 11. Qxf3 e6 12. Be3 exd5 13. exd5 Re8 14. Rfe1 Qd7 15. a4 Re7 16. Bf2 Rae8 17. g4 Rxe1+ 18. Rxe1 Rxe1+ 19. Bxe1 Kf8 20. Bf2 a6 21. a5 Ng8 22. f5 Qe7 23. fxg6 hxg6 24. Bxg6 Bd4 25. Bd3 Nf6 26. Kg2 Bxf2 27. Kxf2 Qe5 28.
Be4 Nb5 29. Bf5 Nd4 30. Qg3 Qe7 31. Qe3 Qc7 32. Qg5 Qe7 33. Qh6+ Kg8 34. Qg5+ Kf8 35. Bd3 Qd8 36. Qh6+ Ke7 37. g5 Nd7 38. Qh4 Qf8 39. g6+ Ke8 40. Qe4+ Ne5 41. gxf7+ Qxf7+ 42. Ke1 Kd8 43. Ne2 Ndf3+ 44. Kd1 Qg7 45. Qf5 Qh6 46. Qf4 Qxh3 47.
Qf6+ Kc7 48. Qe7+ Nd7 49. Nf4 Qh1+ 50. Ke2 Qe1+ 51. Kxf3 Qxe7 52. Ne6+ Kb8 53. Bf5 Qf6 54. Kf4 Qe5+ 55. Kg5 Nf6 56. Nf8 Ne4+ 57. Kg4 Qg7+ 58.
Kf4 Qxf8 59. Kxe4 Qe7+ 60. Kf4 Qe5+ 61. Kg5 Qxd5 62. b3 Qe5 63. c3 Qxc3 64. Kf4 Qe5+ 65. Kg5 d5 0-1

[Event "*** Titled Tuesday Blitz"]
[Site "Chess.com"]
[Date "2020.12.29"]
[Round "1"]
[White "pastouche06"]
[Black "beto-betun"]
[Result "1-0"]
[WhiteElo "2526"]
[BlackElo "2180"]
[TimeControl "180+1"]
[EndTime "10:07:15 PST"]
[Termination "pastouche06 won by resignation"]

1. d4 Nf6 2. c4 g6 3. f3 Bg7 4. e4 d6 5. Ne2 O-O 6. Be3 Na6 7.
Qd2 c5 8. Nbc3 cxd4 9. Nxd4 Bd7 10. Be2 Nc5 11. O-O a6 12. Rac1 Rc8 13. Rfd1 Ne6 14.
Nc2 Bc6 15. Nb4 Qd7 16. Nbd5 Bxd5 17. exd5 Nc5 18. b3 b6 19. Re1 Rfe8 20. Bf1 Rcd8 21.
b4 Na4 22. Nxa4 Qxa4 23. Bxb6 Rb8 24. Ba5 Nd7 25. Re4 Ne5 26. f4 Nd7 27. Rce1 Bf6 28.
Be2 Nf8 29. Bd1 Qd7 30. Bb3 h6 31. Qf2 Kh7 32. c5 dxc5 33. bxc5 Qf5 34. Bc7 Rbc8 35. d6 Qd7 36. Ba4 Qxa4 37. Rxa4 Rxc7 38. dxc7 e6 39. Rxa6 Rc8 40. Ra7 Nd7 41. Rd1 Nxc5 42. Qxc5 Bd4+ 43.
Qxd4 1-0

[Event "*** Titled Tuesday Blitz"]
[Site "Chess.com"]
[Date "2020.12.29"]
[Round "1"]
[White "ZatonskihAnna"]
[Black "Euge_chess"]
[Result "1-0"]
[WhiteElo "2501"]
[BlackElo "2065"]
[TimeControl "180+1"]
[EndTime "10:07:15 PST"]
[Termination "ZatonskihAnna won by checkmate"]

1. e4 e5 2. Nf3 Nc6 3. Nc3 Nf6 4. d4 exd4 5. Nxd4 Bb4 6. Nxc6 Bxc3+ 7. bxc3 bxc6 8. Bd3 O-O 9. O-O h6 10. e5 Nd5 11. c4 Ne7 12. Qf3 d5 13. exd6 Qxd6 14.
a4 Qd4 15. Ba3 Re8 16. Rae1 Be6 17. Re4 Qd7 18. Rfe1 Ng6 19. Bb2 Rab8 20. Bc3 Red8 21. R4e3 Bg4 22. Qg3 Bf5 23. h4 Bxd3 24. Rxd3 Qf5 25.
Qxc7 Rf8 26. Qg3 Nf4 27. Rf3 g5 28. hxg5 hxg5 29. Re5 Qxe5 30. Bxe5 f6 31. Bxf4 Rb1+ 32. Kh2 Rf7 33. Bxg5 Rh7+ 34. Bh4+ Kf7 35. Rd3 Rb7 36. Qf4 Kg8 37. g3 Rbf7 38. Qf5 Rh6 39. Rd8+ Kg7 40. Qc8 Kg6 41. Rg8+ Kh5 42. Qf5# 1-0

[Event "*** Titled Tuesday Blitz"]
[Site "Chess.com"]
[Date "2020.12.29"]
[Round "1"]
[White "Blitzstream"]
[Black "stasiek18"]
[Result "1-0"]
[WhiteElo "2711"]
[BlackElo "2381"]
[TimeControl "180+1"]
[EndTime "10:07:16 PST"]
[Termination "Blitzstream won on time"]

1. d4 Nf6 2. Bg5 d5 3. e3 Nbd7 4. f4 c5 5. c3 e6 6. Nf3 Be7 7. Nbd2 h6 8. Bh4 Qc7 9. Bd3 cxd4 10. cxd4 a6 11. O-O Nb8 12. Rc1 Nc6 13. Ne5 Bd7 14. Ndf3 Qb6 15. Rc3 Nxe5 16. Nxe5 Bb5 17. Rb3 Qa5 18.
Bxb5+ axb5 19. Qd3 O-O 20. a3 b4 21. axb4 Qa2 22. Bxf6 gxf6 23. Ng4 f5 24. Ne5 Rfc8 25. Nd7 Rc7 26. Ne5 Rac8 27. Rc3 Rxc3 28. bxc3 Qb3 29.
Rc1 Bxb4 30. Qb5 Qb2 31. Rf1 Qxc3 32. Qxb7 Qxe3+ 33. Kh1 Rf8 34. Qxb4 Qe2 35. Qe1 Qb2 36. Qf2 1-0

[Event "*** Titled Tuesday Blitz"]
[Site "Chess.com"]
[Date "2020.12.29"]
[Round "1"]
[White "ChessWarrior7197"]
[Black "KetiGrant"]
[Result "1-0"]
[WhiteElo "2925"]
[BlackElo "2462"]
[TimeControl "180+1"]
[EndTime "10:07:18 PST"]
[Termination "ChessWarrior7197 won on time"]

1. c4 g6 2. Nf3 Bg7 3. g3 e5 4.
Nc3 f5 5. d3 Nf6 6. Bg2 d6 7. O-O O-O 8. Rb1 a5 9. a3 h6 10. b4 axb4 11. axb4 g5 12. b5 Nbd7 13. Nd2 Nc5 14. Nb3 Nxb3 15. Qxb3 Kh8 16. Ba3 Rb8 17. b6 c6 18. Qb4 Ne8 19. e4 f4 20. Rfd1 Be6 21. c5 f3 22. Bf1 d5 23. exd5 cxd5 24. Re1 Qd7 25. Bb2 Bh3 26. Qb5 Qe6 27. d4 e4 28. Bxh3 Qxh3 29. Qf1 Qf5 30. Nb5 g4 31. Ra1 h5 32. h4 Bh6 33. Bc1 Bxc1 34. Raxc1 Ra8 35. Re3 Ra2 36. Ra1 1-0

[Event "*** Titled Tuesday Blitz"]
[Site "Chess.com"]
[Date "2020.12.29"]
[Round "1"]
[White "szachuspl"]
[Black "annacramling"]
[Result "1-0"]
[WhiteElo "2488"]
[BlackElo "2056"]
[TimeControl "180+1"]
[EndTime "10:07:18 PST"]
[Termination "szachuspl won on time"]

1. d4 Nf6 2. c4 e6 3. Nf3 d5 4. Nc3 Be7 5. Bf4 c6 6. e3 O-O 7. Bd3 Nbd7 8. O-O h6 9. h3 dxc4 10.
Bxc4 b5 11. Be2 Bb7 12. Rc1 a6 13. Qc2 c5 14. Rfd1 Rc8 15. Qb1 Qb6 16. Ne5 Nxe5 17. dxe5 Nd5 18. Ne4 Rfd8 19. Bg3 c4 20. Bf3 Nb4 21.
Nd6 Bxd6 22. exd6 Bxf3 23. gxf3 Nd3 24. Rc3 e5 25. Rcxd3 cxd3 26. Qxd3 Qc5 27. f4 e4 28. Qd2 Qc2 29. Qd4 Qc4 30. f5 Qxd4 31. Rxd4 Rc4 32.
Rd2 Rd7 33. f3 exf3 34. Kf2 g6 35. fxg6 fxg6 36. Kxf3 Kf7 37. e4 Ke6 38. e5 Rf7+ 39. Kg2 Kd7 40. Re2 Ke6 41. b3 Rc3 42. Rd2 Rd7 43.
Rf2 b4 44. Rf6+ Kd5 45. Rxg6 Rc2+ 46. Kf3 Rxa2 47. e6 Rd8 48. d7 Rf8+ 49. Kg4 h5+ 50.
Kxh5 Re2 51. Rg5+ 1-0